General information
- name: BNet
- type: Ladder 1vs1/FFA
- host: Battle.net
- saver: CrashTheVan
map: BrokenShard
- players: 2
- length: 07:06
- speed: Fast
- version: 1.26 W3XP
- replay type: Public
» download(25 KB)
Players
team 1 (loser)
Rafingon (
blue | 124 APM | 876 actions | 07:05)
1 Beastmaster
1 Summon Quilbeast
» actions
| Assign group hotkey | 58 | |
| Build / train | 20 | |
| Enter build submenu | 18 | |
| Enter hero's abilities submenu | 1 | |
| Remove unit from queue | 7 | |
| Right click | 569 | |
| Select / deselect | 137 | |
| Select group hotkey | 42 | |
| Use ability | 24 | |
876 total
» units
» upgrades
» buildings
| Moon Well | 4 | |
| Altar of Elders | 1 | |
| Hunter's Hall | 1 | |
| Ancient of War | 5 | |
| Ancient of Wonders | 1 | |
| Tree of Ages | 1 | |
13 total
» build order
00:06 Moon Well
00:34 Altar of Elders
01:32 Hunter's Hall
02:02 Ancient of War
02:14 Moon Well
02:36 Ancient of War
02:47 Ancient of War
03:00 Ancient of War
03:27 Moon Well
03:32 Ancient of Wonders
03:49 Ancient of War
04:12 Moon Well
04:50 Tree of Ages
» items
team 2 (winner)

»
CrashTheVan (
pink | 74 APM | 525 actions | 07:06)
2 Blademaster
1 Wind Walk
1 Critical Strike
» actions
| Assign group hotkey | 20 | |
| Build / train | 24 | |
| ESC pressed | 1 | |
| Enter build submenu | 8 | |
| Enter hero's abilities submenu | 2 | |
| Give item / drop item | 1 | |
| Right click | 240 | |
| Select / deselect | 104 | |
| Select group hotkey | 99 | |
| Use ability | 26 | |
525 total
» units
» buildings
| Altar of Storms | 1 | |
| Orc Burrow | 4 | |
| Barracks | 1 | |
| Voodoo Lounge | 1 | |
| Stronghold | 1 | |
8 total
» build order
00:08 Altar of Storms
00:11 Orc Burrow
00:38 Barracks
01:30 Orc Burrow
01:55 Voodoo Lounge
03:27 Stronghold
03:29 Orc Burrow
04:09 Orc Burrow
» items
| Healing Salve | 2 | |
| Scroll of Speed | 1 | |
| Boots of Speed | 1 | |
| Dust of Appearance | 1 | |
5 total
Chat log
(02:35 / All) CrashTheVan: sup moon
(06:23 / All) CrashTheVan: gj moon
(06:34 / All) Rafingon: not in the mood to play right now
(06:37 / All) CrashTheVan: raped
(06:44 / All) Rafingon: what about you
(06:57 / All) Rafingon: around 20s no girlfriend and still receving money from your parents
(07:00 / All) Rafingon: loser
(07:01 / All) CrashTheVan: rofl rage more